 Dungeon Crawl Stone Soup version 0.30-a0-618-gd6c86c23d0 (webtiles) character file.

Game seed: 18200104359604389043

39265 hikkokomori the Warrior (level 13, -9/134 HPs)
             Began as a Minotaur Fighter on Jan 10, 2023.
             Was a Priest of Okawaru.
             Mangled by a komodo dragon (18 damage)
             ... on level 1 of the Lair of Beasts.
             The game lasted 00:15:36 (12880 turns).

hikkokomori the Warrior (Minotaur Fighter)         Turns: 12880, Time: 00:15:37

Health: -9/134     AC: 19    Str: 25    XL:     13   Next: 68%
Magic:  12/12      EV:  8    Int:  5    God:    Okawaru [***...]
Gold:   348        SH:  5    Dex: 11    Spells: 12/12 levels left

rFire   . . .      SeeInvis +    e - +0 broad axe
rCold   . . .      Faith    .    c - +0 buckler
rNeg    . . .      Spirit   .    T - +3 plate armour
rPois   .          Reflect  .    (helmet restricted)
rElec   .          Harm     .    (no cloak)
rCorr   .          Rampage  .    E - +0 pair of gloves
Will    .....                    (no boots) Stlth
                                 (no amulet)
HPRegen 0.42/turn                G - +4 ring of slaying
MPRegen 0.13/turn                n - ring of see invisible

@: slowed, very slow
A: horns 2, retaliatory headbutt
a: Renounce Religion, Heroism


You were on level 1 of the Lair of Beasts.
You worshipped Okawaru.
Okawaru was most pleased with you.
You visited 3 branches of the dungeon, and saw 14 of its levels.
You also visited: Bailey.

You collected 762 gold pieces.
You spent 414 gold pieces at shops.

Inventory:

Hand Weapons
 a - a +1 war axe
 e - a +0 broad axe (weapon)
Missiles
 d - a throwing net (quivered)
Armour
 b - a +0 scale mail
 c - a +0 buckler (worn)
 p - a +1 plate armour
 E - a +0 pair of gloves (worn)
 T - a +3 plate armour (worn)
Jewellery
 g - a ring of protection from cold
 l - a ring of willpower
 n - a ring of see invisible (right hand)
 t - a ring of poison resistance
 G - a +4 ring of slaying (left hand)
 J - a +4 ring of protection
 N - a +6 ring of strength
 V - a +6 ring of strength
Wands
 u - a wand of charming (22)
 A - a wand of polymorph (16)
 B - a wand of iceblast (20)
 F - a wand of digging (2)
 R - a wand of flame (13)
Scrolls
 f - 2 scrolls of fog
 j - 4 scrolls of immolation
 q - a scroll of vulnerability
 r - 4 scrolls of blinking
 w - 4 scrolls of fear
 x - a scroll of enchant armour
 y - a scroll of magic mapping
 H - a scroll of enchant weapon
 I - 4 scrolls of teleportation
 O - a scroll of brand weapon
 Q - 4 scrolls of identify
 U - a scroll of poison {unknown}
Potions
 h - 3 potions of heal wounds
 i - 6 potions of haste
 k - 2 potions of ambrosia
 m - 4 potions of mutation
 o - 8 potions of curing
 s - a potion of invisibility {unknown}
 v - a potion of degeneration {unknown}
 z - 3 potions of brilliance {unknown}
 C - a potion of attraction {unknown}
 D - 4 potions of lignification
 K - 2 potions of berserk rage
 L - 2 potions of might
 P - 3 potions of magic
Miscellaneous
 M - a phial of floods
 S - a condenser vane


   Skills:
 + Level 17.9 Fighting
 + Level 17.8 Axes
 - Level 10.8 Armour
 - Level 4.9 Dodging
 - Level 5.0 Shields


You had 12 spell levels left.
You didn't know any spells.
Your spell library contained the following spells:

 Spells                   Type           Power      Damage    Failure   Level
 Frozen Ramparts          Ice            0%         1d1       100%        3
 Hailstorm                Conj/Ice       0%         3d3       100%        3
 Ice Form                 Ice/Tmut       0%         N/A       100%        4
 Manifold Assault         Tloc           0%         N/A       100%        4
 Dispersal                Tloc           0%         N/A       100%        6
 Disjunction              Tloc           0%         N/A       100%        8
 Summon Ice Beast         Ice/Summ       Unusable   N/A       N/A         4
 Summon Forest            Summ/Tloc      Unusable   N/A       N/A         5
 Summon Mana Viper        Hex/Summ       Unusable   N/A       N/A         5
 Simulacrum               Ice/Necr       Unusable   N/A       N/A         6
 Summon Cactus Giant      Summ           Unusable   N/A       N/A         6
 Malign Gateway           Summ/Tloc      Unusable   N/A       N/A         7
 Summon Horrible Things   Summ           Unusable   N/A       N/A         8

Dungeon Overview and Level Annotations

Branches:
Dungeon (12/15)            Temple (1/1) D:4            Lair (1/5) D:11
    Orc (0/2) D:11         Bailey (visited)

Altars:
Ashenzari
Cheibriados
Dithmenos
Elyvilon
Fedhas
Gozag
Hepliaklqana
Kikubaaqudgha
Makhleb
Nemelex Xobeh
Okawaru
Qazlal
Ru
Sif Muna
Trog
Uskayaw
Vehumet
Wu Jian
Xom
Yredelemnul
Zin
The Shining One

Shops:
D:8 *   D:11 *

Annotations:
D:8 4 runed translucent doors


Innate Abilities, Weirdness & Mutations

You have a pair of horns on your head.
You reflexively headbutt those who attack you in melee.


Message History

There is a staircase back to the Dungeon, spattered with blood here.
You see here a wyvern corpse.
You slice the cane toad!! You headbutt the cane toad.
The cane toad is almost dead.
You slash the komodo dragon!
You hit the torpor snail but do no damage.
You barely miss the wolf. The wolf bites you. The cane toad stings you!
You are poisoned.
The cane toad poisons you! The wolf closely misses you.
You furiously retaliate!
You headbutt the wolf! The komodo dragon bites you!
A water moccasin comes into view.
The torpor snail bites you!
The cane toad stings you but does no damage.
The water moccasin hisses angrily.
You slash the cane toad!
You kill the cane toad!
Okawaru accepts your kill.
You hit the komodo dragon but do no damage.
You hit the torpor snail but do no damage.
You closely miss the wolf.
You feel very sick. The wolf bites you but does no damage.
The komodo dragon bites you but does no damage.
A yak comes into view.
The wolf bites you but does no damage. The wolf barely misses you.
You furiously retaliate!
You headbutt the wolf!
The torpor snail bites you but does no damage.
The dream sheep shake their wool and sparkle.
You feel drowsy...
You fall asleep.
You feel very sick.
The wolf bites you but does no damage. x2; The komodo dragon bites you!!!
You wake up.
* * * LOW HITPOINT WARNING * * *
You block the wolf's attack. The wolf bites you.
* * * LOW HITPOINT WARNING * * *
Unknown command.
Okay, then.
You feel better. You block the wolf's attack. The wolf completely misses you.
The komodo dragon bites you!!
You die...

................
................
.Y(....[........
...h~.....#.....
..~≈Y~....S.....
.≈Y≈≈Y~.........
.~≈~≈≈~hw.......
.≈~≈≈~†@........
.~≈≈≈~~lh.......
.~≈≈≈≈~~........
..~≈≈≈≈Y.......)
...Y≈≈≈~........
....~≈~~........
...........#.#..
............#...


You could see a torpor snail, a komodo dragon, 4 yaks, a water moccasin, 3
wolves and 2 dream sheep.

Vanquished Creatures
  An orc warlord (Bailey)
  Erolcha (D:9)
  Fannar (D:10)
  Erica (D:11)
  2 two-headed ogres
  Urug (D:12)
  Pikel (D:5)
  2 deep elf pyromancers (D:12)
  A manticore (D:12)
  An ugly thing (D:12)
  2 cyclopes
  A cane toad (Lair:1)
  An unseen horror (D:11)
  A komodo dragon (D:11)
  A troll (D:12)
  Sigmund (D:4)
  3 wraiths
  A wyvern (Lair:1)
  23 yaks
  A steam dragon (D:8)
  13 vampire mosquitoes
  3 acid dragons
  20 orc warriors
  A black bear (D:6)
  2 ogres (D:6)
  2 ice beasts
  9 centaurs
  A phantom (D:5)
  A lemure (D:5)
  5 bullfrogs
  4 scorpions
  2 necrophages
  8 wights
  2 vampire bats (D:5)
  5 howler monkeys
  11 orc priests
  4 hounds
  An iguana (D:6)
  14 orc wizards
  10 gnolls
  7 adders
  2 white imps
  An ufetubus (D:7)
  4 worms
  6 dart slugs
  65 orcs
  4 ball pythons
  12 bats
  7 endoplasms
  3 giant cockroaches
  25 goblins
  16 hobgoblins
  9 kobolds
  6 quokkas
  3 frilled lizards
  4 rats
  2 butterflies (D:4)
341 creatures vanquished.

Notes
Turn   | Place    | Note
-------+----------+-------------------------------------------
     0 | D:1      | hikkokomori the Minotaur Fighter began the quest for the
                  | Orb.
     0 | D:1      | Reached XP level 1. HP: 19/19 MP: 0/0
    65 | D:1      | Reached XP level 2. HP: 23/27 MP: 1/1
   962 | D:2      | Reached XP level 3. HP: 29/33 MP: 2/2
  1709 | D:3      | Reached XP level 4. HP: 40/41 MP: 3/3
  2027 | D:3      | Found an opulent altar of Gozag.
  2329 | D:3      | Found a stormy altar of Qazlal.
  2654 | D:4      | Reached skill level 5 in Shields
  2654 | D:4      | Reached XP level 5. HP: 47/47 MP: 4/4
  2659 | D:4      | Reached skill level 5 in Fighting
  2662 | D:4      | Noticed Sigmund
  2669 | D:4      | Killed Sigmund
  2670 | D:4      | Reached skill level 5 in Axes
  2670 | D:4      | Reached XP level 6. HP: 47/57 MP: 5/5
  2747 | D:4      | Found a white marble altar of Elyvilon.
  2791 | D:4      | Found a staircase to the Ecumenical Temple.
  2804 | Temple   | Entered the Ecumenical Temple
  3043 | D:4      | Found an ornate altar of the Wu Jian Council.
  3312 | D:4      | Found a sacrificial altar of Ru.
  3583 | D:4      | Found a radiant altar of Vehumet.
  3664 | D:5      | Entered Level 5 of the Dungeon
  3689 | D:5      | Reached XP level 7. HP: 63/64 MP: 6/6
  3822 | D:5      | HP: 3/66 [gnoll/+0 spear (3)]
  4083 | D:5      | Noticed Pikel
  4101 | D:5      | Killed Pikel
  4102 | D:5      | Reached XP level 8. HP: 70/77 MP: 7/7
  4477 | D:5      | Found a shimmering blue altar of Sif Muna.
  4755 | D:6      | Reached skill level 10 in Fighting
  4812 | D:6      | Reached XP level 9. HP: 49/85 MP: 8/8
  4819 | D:6      | Reached skill level 10 in Axes
  5802 | D:7      | Found a snail-covered altar of Cheibriados.
  6386 | D:7      | Reached XP level 10. HP: 103/103 MP: 9/9
  6387 | D:7      | Reached skill level 10 in Armour
  6387 | D:7      | Reached XP level 11. HP: 110/110 MP: 10/10
  6439 | D:8      | Found Supekom's Neck Hole.
  6595 | D:8      | Found a huge runed translucent gate.
  6596 | D:8      | Found a huge runed translucent gate.
  6723 | D:8      | Found a huge runed translucent gate.
  6948 | D:8      | Found a huge runed translucent gate.
  7307 | D:9      | Noticed a two-headed ogre
  7315 | D:9      | Killed a two-headed ogre
  7482 | D:9      | Found a sparkling altar of Nemelex Xobeh.
  7580 | D:9      | Noticed Erolcha
  7599 | D:9      | Killed Erolcha
  7600 | D:9      | Reached skill level 15 in Fighting
  8051 | D:9      | Found a glowing golden altar of the Shining One.
  8099 | D:10     | Entered Level 10 of the Dungeon
  8137 | D:10     | Reached skill level 15 in Axes
  8325 | D:10     | Found a flagged portal.
  8332 | Bailey   | Entered a bailey
  8624 | Bailey   | Noticed an orc warlord
  8641 | Bailey   | Reached XP level 12. HP: 98/121 MP: 11/11
  8648 | Bailey   | Killed an orc warlord
  8840 | Bailey   | Reached XP level 13. HP: 130/130 MP: 12/12
  9022 | D:10     | Noticed Fannar
  9034 | D:10     | Killed Fannar
  9359 | D:10     | Found an iron altar of Okawaru.
  9363 | D:10     | Found a bloodstained altar of Trog.
  9513 | D:10     | Became a worshipper of Warmaster Okawaru
 10157 | D:11     | Found Archi Yha's General Store.
 10165 | D:11     | Bought a potion of magic for 120 gold pieces
 10165 | D:11     | Bought a potion of haste for 150 gold pieces
 10165 | D:11     | Bought a wand of iceblast (4) for 144 gold pieces
 10172 | D:11     | Noticed Erica
 10179 | D:11     | Killed Erica
 10179 | D:11     | Reached * piety under Okawaru
 10370 | D:11     | Found a staircase to the Orcish Mines.
 10442 | D:11     | Found a staircase to the Lair.
 10710 | D:11     | Reached ** piety under Okawaru
 11798 | D:12     | Noticed Urug
 11807 | D:12     | Killed Urug
 11807 | D:12     | Reached *** piety under Okawaru
 12787 | Lair:1   | Entered Level 1 of the Lair of Beasts
 12879 | Lair:1   | HP: 5/134 [komodo dragon (65)]
 12880 | Lair:1   | Mangled by a komodo dragon

Illustrated notes

Levels and vault maps discovered:
D:1:      elethiomel_arrival_infinity_welcomes_careful_drivers, layout_basic,
          nrook_mini_backslash, chequers_jeans
D:2:      layout_loops_ring
D:3:      layout_basic, nicolae_qazlal_eye_of_the_storm, amcnicky_altar_gilded,
          kennysheep_potato
D:4:      layout_loops_cross, elyvilon_altar_3, lemuel_crystal_altar,
          mainiacjoe_overflow_alcove_1, mainiacjoe_overflow_catwalk,
          minmay_temple_entry_butterflies, uniq_sigmund
D:5:      layout_cave_pools, lemuel_blue_sif_altar, roderic_batcave,
          st_stairs_1, uniq_pikel
D:6:      layout_loops_ring
D:7:      layout_basic, cheibrodos_worm_habitat
D:8:      lemuel_bear_cage, layout_loops_cross, minivault_23,
          nicolae_shop_sticking_my_neck_out
D:9:      layout_irregular_city, nicolae_tso_swordbearing_angel,
          nemelex_xobeh_ov_fountains_minmay, st_stairs_5, uniq_erolcha
D:10:     layout_loops_cross, grunt_temple_overflow_bloody_war, serial_rivers,
          chequers_serial_rivers_marsh, chequers_serial_rivers_small_b,
          chequers_serial_rivers_small_3, chequers_serial_rivers_small_b,
          chequers_serial_rivers_small_3, chequers_serial_rivers_micro_b,
          enter_bailey_3, nicolae_figureground_sparkle, uniq_fannar
D:11:     layout_long_grid, lair_entry_dummy, hiddenorc2_lemuel,
          gauntlet_entry_generic, serial_shops, nicolae_stop_n_shop_1,
          minivault_19, uniq_erica
D:12:     layout_basic, patterned_corridor, uniq_urug
Temple:   nicolae_temple_bog_church
Lair:1:   layout_cave_shapes, infiniplex_staircase_pool

Skill      XL: |  1  2  3  4  5  6  7  8  9 10 11 12 13 |
---------------+----------------------------------------+-----
Fighting       | 4 5 6 8 10 14 15 16 17 | 17.9
Shields        | 4 5 |  5.0
Axes           | 3 4 5 6 8 9 14 15 16 17 | 17.8
Armour         | 10 | 10.8
Dodging        | 4 |  4.9

Action                   |  1- 3 |  4- 6 |  7- 9 | 10-12 | 13-15 || total
-------------------------+-------+-------+-------+-------+-------++-------
Melee: War axe           |    98 |   112 |   160 |   159 |       ||   529
       Headbutt          |    11 |    13 |    30 |    46 |    49 ||   149
       Broad axe         |       |       |       |    31 |   210 ||   241
Evoke: Wand              |       |       |     1 |       |       ||     1
  Use: Potion            |       |       |     2 |     4 |     1 ||     7
       Scroll            |       |       |     7 |    10 |     6 ||    23
Armor: Scale mail        |    45 |    14 |       |       |       ||    59
       Plate armour      |       |    65 |   118 |    65 |   106 ||   354
Dodge: Dodged            |    43 |    37 |    53 |    40 |    69 ||   242
Block: Buckler           |    23 |    24 |    35 |    27 |    37 ||   146

Table legend: (Time is in decaauts)
 A = Elapsed time spent in this place.
 B = Non-inter-level travel time spent in this place.
 C = Inter-level travel time spent in this place.
 D = Time resting spent in this place.
 E = Time spent auto-exploring this place.
 F = Levels seen in this place.
 G = Mean time per level.
                   A        B        C        D        E       F      G
               +--------+--------+--------+--------+--------+-----+--------+
         Total |  12917 |  12306 |    611 |    114 |  10231 |  15 |  861.1 |
       Dungeon |  12175 |  11579 |    596 |    114 |   9671 |  12 | 1014.6 |
        Temple |    203 |    189 |     14 |      0 |    182 |   1 |  203.0 |
          Lair |     14 |     14 |      0 |      0 |      0 |   1 |   14.0 |
        Bailey |    524 |    524 |      0 |      0 |    377 |   1 |  524.0 |
               +--------+--------+--------+--------+--------+-----+--------+

Top non-repeatable levels by time:
    D:12: 1491 daAuts
    D:11: 1482 daAuts
    D:10: 1211 daAuts
     D:3: 1013 daAuts
     D:7: 991 daAuts
     D:1: 974 daAuts
     D:9: 925 daAuts
     D:6: 909 daAuts
     D:5: 880 daAuts
     D:4: 868 daAuts
     D:8: 749 daAuts
     D:2: 678 daAuts
  Bailey: 524 daAuts
  Temple: 203 daAuts
  Lair:1: 14 daAuts
